 Dungeon Crawl Stone Soup version 0.26-a0-651-gb41185065b (webtiles) character file.

Game seed: 8634420287145033355

2322 Apogee the Martial Artist (level 9, -1/74 HPs)
             Began as a Yellow Draconian Transmuter on Oct 11, 2020.
             Was an Initiate of Makhleb.
             Slain by an orc warrior
             ... wielding a +0 halberd
              (15 damage)
             ... on level 7 of the Dungeon.
             The game lasted 00:12:07 (7815 turns).

Apogee the Martial Artist (DrTm)                    Turns: 7815, Time: 00:12:08

Health: -1/74      AC:  7    Str: 12    XL:     9   Next: 19%
Magic:  13/16      EV: 16    Int: 15    God:    Makhleb [......]
Gold:   242        SH:  0    Dex: 14    Spells: 10/18 levels left

rFire    . . .     SeeInvis .     - Unarmed
rCold    + . .     Faith    .   (no shield)
rNeg     . . .     Spirit   .   (armour unavailable)
rPois    .         Reflect  .   (helmet currently unavailable)
rElec    .         Harm     .   (no cloak)
rCorr    +         Rampage  .   (no gloves)
MR       .....                  (boots currently unavailable)
Stlth    +.........             (no amulet)
HPRegen  0.22/turn              n - +4 ring of evasion
MPRegen  0.15/turn              o - ring of protection from cold

@: short of breath, appendages, wereblooded
A: spit acid, unfitting armour, horns 2, talons 2, cold-blooded, acid
resistance, AC +7
a: Breathe Acid, End Transformation, Renounce Religion


You were on level 7 of the Dungeon.
You worshipped Makhleb.
Makhleb was noncommittal.
You had grown temporary horns.
You had grown temporary talons.
You visited 2 branches of the dungeon, and saw 8 of its levels.

You collected 242 gold pieces.

Inventory:

Armour
 k - a +0 pair of boots
   (You found it on level 2 of the Dungeon)
Jewellery
 d - an uncursed ring of positive energy
   (You found it on level 1 of the Dungeon)
 n - a +4 ring of evasion (left hand)
   (You found it on level 3 of the Dungeon)
 o - a ring of protection from cold (right hand)
   (You found it on level 2 of the Dungeon)
 p - an uncursed ring of magical power {unknown}
   (You found it on level 3 of the Dungeon)
 r - an uncursed ring of magical power {unknown}
   (You found it on level 4 of the Dungeon)
 y - a cursed amulet of inaccuracy {unknown}
   (You found it on level 6 of the Dungeon)
 B - a +4 ring of protection {unknown}
   (You found it on level 6 of the Dungeon)
Wands
 v - a wand of digging (4)
   (You found it on level 4 of the Dungeon)
 x - a wand of acid (4)
   (You found it on level 6 of the Dungeon)
 C - a wand of polymorph (10)
   (You found it on level 6 of the Dungeon)
Scrolls
 b - 4 scrolls of enchant weapon {unknown}
 c - a scroll of amnesia {unknown}
 e - 2 scrolls of enchant armour {unknown}
 g - 3 scrolls of immolation {unknown}
 i - 9 scrolls of identify {unknown}
 m - 4 scrolls of remove curse {unknown}
 q - 4 scrolls of teleportation {unknown}
 z - a scroll of summoning {unknown}
 A - a scroll of random uselessness {unknown}
 D - a scroll of magic mapping {unknown}
Potions
 a - a potion of stabbing {unknown}
 f - 9 potions of curing {unknown}
 h - 2 potions of lignification {unknown}
 j - a potion of degeneration {unknown}
 l - 2 potions of magic {unknown}
 s - a potion of haste {unknown}
 t - 2 potions of mutation {unknown}
 u - 2 potions of ambrosia {unknown}
 w - 2 potions of flight {unknown}


   Skills:
 - Level 5.0 Fighting
 - Level 1.7 Dodging
 - Level 8.0 Unarmed Combat
 - Level 5.0 Spellcasting
 + Level 7.4 Transmutations


You had 10 spell levels left.
You knew the following spells:

 Your Spells              Type           Power        Failure   Level
a - Beastly Appendage     Tmut           ####..       1%          1
b - Wereblood             Tmut           ####....     1%          2
c - Blade Hands           Tmut           ####......   22%         5

Your spell library contained the following spells:

 Spells                   Type           Power        Failure   Level
 Spider Form              Tmut/Pois      ##........   11%         3
 Animate Skeleton         Necr           #.....       16%         1
 Apportation              Tloc           #.....       16%         1
 Corona                   Hex            #......      16%         1
 Magic Dart               Conj           #...         16%         1
 Summon Small Mammal      Summ           #...         16%         1
 Searing Ray              Conj           #.....       24%         2
 Ice Form                 Ice/Tmut       ##......     34%         4
 Dazzling Flash           Conj/Hex       #.....       43%         3
 Fulminant Prism          Conj/Hex       #.........   85%         4
 Iskenderun's Mystic Bla  Conj/Tloc      #.......     85%         4


Dungeon Overview and Level Annotations

Branches:
Dungeon (7/15)             Temple (1/1) D:6

Altars:
Ashenzari
Cheibriados
Dithmenos
Elyvilon
Fedhas
Gozag
Hepliaklqana
Kikubaaqudgha
Makhleb
Nemelex Xobeh
Okawaru
Qazlal
Ru
Sif Muna
Trog
Uskayaw
Vehumet
Wu Jian
Xom
Yredelemnul
Zin
The Shining One

Annotations:
D:3 2 transporters, zikan's ghost, amateur DsFi


Innate Abilities, Weirdness & Mutations

You can spit globs of acid.
Your golden yellow scales are hard. (AC +7)
You cannot fit into any form of body armour.
You are cold-blooded and may be slowed by cold attacks.
You are resistant to acid. (rCorr)
You have a pair of horns on your head.
You have razor-sharp toenails.


Message History

Found a grey potion.
g - 3 scrolls labeled COBREL ALAHA (gained 1) No target in view!
Found a scroll labeled VIUSOJ USMAB.
No target in view!
Found 14 gold pieces.
Found an ancient bone altar of Kikubaaqudgha.
No target in view!
w - 2 grey potions (gained 1) No target in view!
q - 4 scrolls labeled VIUSOJ USMAB (gained 1) No target in view!
You now have 242 gold pieces (gained 14).
Found a scroll labeled METYSA PUYDWO.
No target in view!
b - 4 scrolls labeled METYSA PUYDWO (gained 1) No target in view!
An orc comes into view. It is wielding a +0 whip.
The orc shouts!
You hear a shout!
An orc priest comes into view. It is wielding a +0 hand axe.
An orc wizard comes into view. It is wielding a -2 dagger.
An orc warrior comes into view. It is wielding a +0 halberd.
The orc warrior shouts!
Found 23 gold pieces.
There are monsters nearby!
The orc priest shouts!
You hear an angry hiss.
The orc priest invokes the aid of Beogh against you.
Beogh smites you!
There are monsters nearby!
An adder comes into view.
The orc completely misses you.
You see here 14 gold pieces.
Okay, then.
You grow a pair of large bovine horns.
Your feet morph into talons.
Your blood is infused with primal strength.
The orc warrior hits you from afar with a +0 halberd!!
* * * LOW HITPOINT WARNING * * *
The orc priest invokes the aid of Beogh against you.
Beogh smites you!
* * * LOW HITPOINT WARNING * * *
Aim: an orc priest, wielding a +0 hand axe You spit a glob of acid.
The glob of acid hits the orc priest.
The orc priest is splashed with acid!
The acid corrodes the orc priest!
The acid splashes onto the orc warrior!
The orc warrior is splashed with acid.
The acid corrodes the orc warrior!
The acid splashes onto you!
You are splashed with acid.
You resist.
* * * LOW HITPOINT WARNING * * *
The orc priest closely misses you.
The orc warrior hits you from afar with a +0 halberd!
You die...

##...##.#.###..........
#...#..## #.#.........
#...#.## #.#######.###
#...#.# #. #..# #
#..##.# #.# #..##.#
#..##.# #..##.# #..##@#
## #..##o# So
#..##o##o##
#..##.o...##
#..........$..
#.######...... #.
..###. #. .# #. .#


You could see an orc warrior (corroded), an orc priest (corroded) and an orc
wizard.

Vanquished Creatures
  3 yaks
  A sky beast (D:6)
  A phantom (D:4)
  An ice beast (D:6)
  A centaur (D:5)
  3 ogres
  3 scorpions
  4 killer bees (D:7)
  5 wights
  3 howler monkeys
  A bullfrog zombie (D:7)
  A bullfrog skeleton (D:5)
  3 jellies
  An orc priest (D:4)
  4 hounds
  3 worker ants
  Robin (D:2)
  A worker ant zombie (D:7)
  6 adders
  2 shadow imps
  2 white imps
  3 oozes
  7 worms
  4 dart slugs
  2 leopard geckos
  9 orcs (D:4)
  10 giant cockroaches
  20 goblins
  10 hobgoblins
  12 jackals
  6 quokkas
  2 ball pythons
  4 bats (D:1)
  3 frilled lizards
  2 giant cockroach zombies (D:5)
  8 kobolds
  2 leopard gecko zombies (D:5)
  A quokka skeleton (D:4)
  2 quokka zombies (D:5)
  5 rats
162 creatures vanquished.

Notes
Turn   | Place    | Note
-------+----------+-------------------------------------------
     0 | D:1      | Apogee the Draconian Transmuter began the quest for the
                  | Orb.
     0 | D:1      | Reached XP level 1. HP: 16/16 MP: 3/3
   348 | D:1      | Found a broken altar of Ashenzari.
   367 | D:1      | Reached XP level 2. HP: 23/23 MP: 3/5
   680 | D:1      | Reached XP level 3. HP: 28/28 MP: 4/6
  1504 | D:2      | Noticed Robin
  1525 | D:2      | Reached skill level 4 in Unarmed Combat
  1551 | D:2      | Killed Robin
  1551 | D:2      | Reached XP level 4. HP: 24/35 MP: 5/7
  2467 | D:3      | Found a transporter.
  2469 | D:3      | Found a transporter.
  2469 | D:3      | Noticed zikan's ghost (amateur DsFi)
  2641 | D:3      | Found a hazy altar of Hepliaklqana.
  2823 | D:3      | Reached XP level 5. HP: 40/40 MP: 6/8
  3264 | D:3      | Found a sacrificial altar of Ru.
  3272 | D:3      | Found a glowing golden altar of the Shining One.
  3638 | D:4      | Reached skill level 5 in Unarmed Combat
  4003 | D:4      | Noticed an ogre
  4009 | D:4      | Killed an ogre
  4009 | D:4      | Reached XP level 6. HP: 50/50 MP: 7/9
  4237 | D:4      | Reached skill level 6 in Unarmed Combat
  4247 | D:4      | Learned a level 2 spell: Wereblood
  4253 | D:4      | Learned a level 5 spell: Blade Hands
  4578 | D:4      | Your scales start taking on a golden yellow colour.
  4578 | D:4      | Reached XP level 7. HP: 58/58 MP: 10/10
  4578 | D:4      | Gained mutation: You are resistant to acid. (rCorr) [Yellow
                  | Draconian growth]
  4713 | D:5      | Entered Level 5 of the Dungeon
  4815 | D:5      | Noticed a yak
  4816 | D:5      | Noticed a yak
  4836 | D:5      | Noticed a yak
  4872 | D:4      | Killed a yak
  4872 | D:4      | Reached skill level 5 in Fighting
  4872 | D:4      | Reached skill level 7 in Unarmed Combat
  5372 | D:5      | Reached skill level 8 in Unarmed Combat
  5372 | D:5      | Reached XP level 8. HP: 55/68 MP: 9/11
  6307 | D:5      | Reached skill level 5 in Transmutations
  6741 | D:6      | Found a broken altar of Ashenzari.
  6896 | D:6      | Found a bloodstained altar of Trog.
  7043 | D:6      | Found a staircase to the Ecumenical Temple.
  7067 | Temple   | Entered the Ecumenical Temple
  7157 | Temple   | Became a worshipper of Makhleb the Destroyer
  7338 | D:6      | Reached skill level 5 in Spellcasting
  7338 | D:6      | Reached XP level 9. HP: 65/74 MP: 16/16
  7772 | D:7      | Found an ancient bone altar of Kikubaaqudgha.
  7815 | D:7      | Slain by an orc warrior

Illustrated notes

Levels and vault maps discovered:
D:1:      lightli_arrival_isolated_outpost, layout_loops_ring,
          serial_bayou_ford_a, ashenzari_altar_1
D:2:      layout_basic, serial_rivers, chequers_serial_rivers_micro_c,
          chequers_serial_rivers_small_3, chequers_serial_rivers_small_3,
          chequers_serial_rivers_large_b, chequers_serial_rivers_micro_a,
          chequers_serial_rivers_small_a, minmay_hedge_maze, uniq_robin
D:3:      layout_loops_corners, lemuel_crystal_altar, minitemple,
          gammafunk_ghost_mausoleum
D:4:      layout_loops_ring
D:5:      layout_cave_pods, enter_ossuary_4, chequers_hall_statues_y,
          lightli_corner_chamber
D:6:      minmay_chambers_of_fours, layout_basic, kennysheep_little_box,
          minmay_temple_entry_offerings, minmay_ruined_shrine
D:7:      minmay_evil_eye, layout_loops_ring, overflow_temple_1_default,
          nicolae_ru_path_of_blood
Temple:   minmay_crystal_spiral_temple

Skill      XL: |  1  2  3  4  5  6  7  8  9 |
---------------+----------------------------+-----
Transmutations | 3 4 6 7 |  7.4
Unarmed Combat | 4 5 6 8 |  8.0
Fighting       | 2 3 5 |  5.0
Spellcasting   | 5 |  5.0
Dodging        | |  1.7

Action                   |  1- 3 |  4- 6 |  7- 9 || total
-------------------------+-------+-------+-------++-------
Melee: Unarmed           |   131 |   208 |   222 ||   561
       Kick              |    18 |    34 |    41 ||    93
       Tailslap          |     9 |    24 |    27 ||    60
       Headbutt          |    16 |    24 |    21 ||    61
       Punch             |     3 |     2 |     6 ||    11
 Cast: Beastly Appendage |    26 |    29 |    25 ||    80
       Wereblood         |       |       |     4 ||     4
 Abil: Breathe Acid      |       |       |    11 ||    11
 Stab: Sleeping          |       |     2 |     1 ||     3
       Distracted        |       |       |     2 ||     2
Armor: Skin              |    46 |    34 |    38 ||   118
Dodge: Dodged            |    97 |    93 |   149 ||   339

Table legend: (Time is in decaauts)
 A = Elapsed time spent in this place.
 B = Non-inter-level travel time spent in this place.
 C = Inter-level travel time spent in this place.
 D = Time resting spent in this place.
 E = Time spent auto-exploring this place.
 F = Levels seen in this place.
 G = Mean time per level.
                   A        B        C        D        E       F      G
               +--------+--------+--------+--------+--------+-----+--------+
         Total |   7799 |   7522 |    277 |    789 |   5401 |   8 |  974.9 |
       Dungeon |   7624 |   7431 |    193 |    789 |   5401 |   7 | 1089.1 |
        Temple |    175 |     91 |     84 |      0 |      0 |   1 |  175.0 |
               +--------+--------+--------+--------+--------+-----+--------+

Top non-repeatable levels by time:
     D:4: 1637 daAuts
     D:3: 1274 daAuts
     D:5: 1158 daAuts
     D:2: 1150 daAuts
     D:1: 1125 daAuts
     D:6: 947 daAuts
     D:7: 331 daAuts
  Temple: 175 daAuts
